 Dungeon Crawl Stone Soup version 0.29-a0-565-g7a16c6de65 (webtiles) character file.

Game seed: 9176028467698262438

73 Ashiichan the Magician (level 4, -4/31 HPs)
             Began as a Djinni Fire Elementalist on June 12, 2022.
             Was an Initiate of Yredelemnul.
             Slain by Sigmund
             ... wielding a +0 scythe
              (11 damage)
             ... on level 4 of the Dungeon.
             The game lasted 00:25:02 (3720 turns).

Ashiichan the Magician (Djinni Fire Elementalist)   Turns: 3720, Time: 00:25:03

Health: -4/31      AC:  2    Str:  7    XL:     4   Next: 51%
Gold:   77         EV: 12    Int: 18    God:    Yredelemnul [......] SH:  0 Dex: 14

rFire   + + .      SeeInvis .   (no weapon)
rCold   x . .      Faith    .   (no shield)
rNeg    . . .      Spirit   .   a - +0 robe
rPois   ∞          Reflect  .   (no helmet)
rElec   .          Harm     .   (no cloak)
rCorr   .          Rampage  .   (no gloves)
Will    .....                   (boots unavailable)
Stlth   ++........              (no amulet)
HPRegen 0.10/turn               (no ring)
MPRegen 0.00/turn               (no ring)

@: flying
A: sickness immunity, fire resistance 2, cold vulnerability 1, float, innate
caster, HP casting, extra vitality 1
a: Renounce Religion, Recall Undead Harvest


You were on level 4 of the Dungeon.
You worshipped Yredelemnul.
Yredelemnul was noncommittal.
You visited 1 branch of the dungeon, and saw 4 of its levels.

You collected 152 gold pieces.
You spent 75 gold pieces at shops.

Inventory:

Missiles
 b - 2 silver boomerangs
Armour
 a - a +0 robe (worn)
Wands
 h - a wand of iceblast (7)
Scrolls
 c - 3 scrolls of identify {unknown}
 d - 3 scrolls of enchant armour {unknown}
 f - 2 scrolls of immolation {unknown}
 i - 2 scrolls of enchant weapon
Potions
 e - 2 potions of curing {unknown}
 g - 3 potions of might {unknown}
 j - 2 potions of brilliance {unknown}
 k - a potion of lignification {unknown}


   Skills:
 - Level 2.1 Dodging
 - Level 1.5 Stealth
 + Level 3.9 Spellcasting


You couldn't memorise any spells.
You knew the following spells:

 Your Spells              Type           Power      Damage    Failure   Level
a - Foxfire               Conj/Fire      68%        2x1d7     3%          1
b - Scorch                Fire           34%        2d7       4%          2
c - Conjure Flame         Conj/Fire      17%        6-21      9%          3
d - Inner Flame           Hex/Fire       17%        N/A       9%          3
e - Flame Wave            Conj/Fire      17%        2d6       30%         4
f - Slow                  Hex            68%        N/A       3%          1
Your spell library was empty.

Dungeon Overview and Level Annotations

Branches:
Dungeon (4/15)
 Temple: D:4-7

Altars:
Elyvilon
Trog
Vehumet
Yredelemnul

Shops:
D:2 ?

Annotations:
D:4 Sigmund


Innate Abilities, Weirdness & Mutations

You are immune to sickness and miasma.
You are immune to poison.
Your flesh is very heat resistant. (rF++)
You are vulnerable to cold. (rC-)
You float through the air rather than walking.
You learn spells naturally, not from books.
Your magical power is your life essence.
You have superior vitality. (+4 MHP)


Message History

Sigmund gestures wildly while chanting.
Sigmund flickers and vanishes!
Deactivating autopickup; reactivate with Ctrl-A.
The foxfire hits something.
The foxfire hits something but does no damage.
You conjure some foxfire!
Your foxfire dissipates!
The foxfire hits something.
You conjure some foxfire!
Something hits you.
The foxfire hits something but does no damage.
The foxfire hits something.
You conjure some foxfire!
Your foxfire dissipates!
The foxfire hits something.
You conjure some foxfire!
Something hits you!
Your foxfire dissipates!
A kobold comes into view. It is wielding a +0 dagger.
The kobold shouts!
You hear a shout!
The foxfire hits something but does no damage.
You conjure some foxfire!
Something hits you!
* * * LOW HITPOINT WARNING * * *
Your foxfire dissipates!
The foxfire hits something.
A goblin comes into view. It is wielding a +0 club.
You are too injured to fight recklessly! 2 hobgoblins, 2 goblins and an adder come into view.
The goblin shouts!
The hobgoblin shouts!
You hear a shout!
You hear an angry hiss.
You hear a shout!
A goblin comes into view. It is wielding a +0 club.
You hear some strange, mumbled words.
Something tries to affect you, but you resist.
What are your orders? t - Shout!
Orders for allies: a - Attack new target. r - Retreat! s - Stop attacking. g - Guard the area. f - Follow me.
Anything else - Cancel.
Follow me!
Something hits you!
You die...
Your body rises from the dead as a mindless zombie.

.....#
#..#
.....#
##.##
.....#
#..#
.....#
##.# #.##
#..# ##{#
#.## ##@#
#K#
#........
##.......
.......
.g..g..
....g..
......g
....gg.


You could see 2 goblins and a kobold.

Vanquished Creatures
  An adder (D:2)
  2 worms
  2 dart slugs
  5 orcs (D:3)
  4 endoplasms
  A giant cockroach (D:1)
  2 goblins
  3 hobgoblins
  6 jackals (D:1)
  2 kobolds
  A quokka (D:2)
  A ball python (D:3)
  8 bats
  2 frilled lizards
  6 rats
46 creatures vanquished.

Vanquished Creatures (collateral kills)
  A foxfire (D:1)
1 creature vanquished.

Vanquished Creatures (others)
  A goblin (D:4)
  120 foxfires
  A fungus (D:1)
122 creatures vanquished.

Grand Total: 169 creatures vanquished

Notes
Turn   | Place    | Note
-------+----------+-------------------------------------------
     0 | D:1      | Ashiichan the Djinni Fire Elementalist began the quest for
                  | the Orb.
     0 | D:1      | Reached XP level 1. HP: 15/15 MP: 0/0
   619 | D:1      | Reached XP level 2. HP: 19/21 MP: 0/0
   696 | D:1      | Reached skill level 3 in Spellcasting
   985 | D:1      | Found a faded altar of an unknown god.
  1499 | D:1      | Reached XP level 3. HP: 21/25 MP: 0/0
  1499 | D:1      | Learned a level 1 spell: Slow
  2331 | D:2      | Reached XP level 4. HP: 27/31 MP: 0/0
  2403 | D:2      | Found Cil Eru's Magic Scroll Emporium.
  2411 | D:2      | Bought a scroll of enchant weapon for 75 gold pieces
  2616 | D:3      | Found a bloodstained altar of Trog.
  3101 | D:3      | Found a basalt altar of Yredelemnul.
  3107 | D:3      | Became a worshipper of Yredelemnul the Dark
  3276 | D:3      | Found a white marble altar of Elyvilon.
  3560 | D:4      | Noticed Sigmund
  3720 | D:4      | Slain by Sigmund

Illustrated notes

Levels and vault maps discovered:
D:1:      nicolae_arrival_somewhat_less_tricky_arrival, layout_loops_cross,
          shapermc_ecumenical_altar_hornbeckon
D:2:      layout_rooms, serial_shops, shop, basic_altar, grunt_ministairs_3
D:3:      layout_loops_corners, mainiacjoe_overflow_24_doors,
          mainiacjoe_overflow_concentric_impassable,
          nicolae_overflow_hidden_temple
D:4:      layout_cave_pods, general_overflow_altar, fiery_altar_vehumet,
          mainiacjoe_overflow_catwalk, nicolae_ossuary_entry_plus, uniq_sigmund,
          uniq_robin

Skill      XL: |  1  2 |
---------------+-------+-----
Spellcasting   | 3 |  3.9
Dodging        | |  2.1
Stealth        | |  1.5

Action                   |  1- 3 |  4- 6 || total
-------------------------+-------+-------++-------
Melee: Unarmed           |     5 |     1 ||     6
 Cast: Foxfire           |    51 |    31 ||    82
       Scorch            |     3 |       ||     3
Armor: Robe              |     3 |       ||     3
Dodge: Dodged            |    14 |    10 ||    24

Table legend: (Time is in decaauts)
 A = Elapsed time spent in this place.
 B = Non-inter-level travel time spent in this place.
 C = Inter-level travel time spent in this place.
 D = Time resting spent in this place.
 E = Time spent auto-exploring this place.
 F = Levels seen in this place.
 G = Mean time per level.
                   A        B        C        D        E       F      G
               +--------+--------+--------+--------+--------+-----+--------+
         Total |   3722 |   3722 |      0 |   1294 |   1645 |   4 |  930.5 |
       Dungeon |   3722 |   3722 |      0 |   1294 |   1645 |   4 |  930.5 |
               +--------+--------+--------+--------+--------+-----+--------+

Top non-repeatable levels by time:
     D:1: 1714 daAuts
     D:3: 1126 daAuts
     D:2: 837 daAuts
     D:4: 43 daAuts
